 Dungeon Crawl Stone Soup version 0.16-a0-2702-gfff482a (webtiles) character file.

147 BluebellGnoll the Charmwright (level 5, -1/25 HPs)
             Began as a Spriggan Skald on Nov 25, 2014.
             Slain by an orc wizard
             ... wielding a +0 dagger
              (6 damage)
             ... on level 4 of the Dungeon.
             The game lasted 00:10:47 (3020 turns).

BluebellGnoll the Charmwright (Spriggan Skald)      Turns: 3020, Time: 00:10:54

Health: -1/25      AC:  4    Str:  8    XL:     5   Next: 8%
Magic:  14/14      EV: 16    Int: 14    God:
Gold:   147        SH:  0    Dex: 16    Spells: 4 memorised, 1 level left

rFire  . . .     SeeInvis +     a - +0 short sword
rCold  . . .     Clarity  .     b - +0 robe
rNeg   + . .     SustAb   .     (shield restricted)
rPois  .         Gourm    .     (helmet restricted)
rElec  .         Spirit   .     l - +1 cloak {MR+}
rCorr  .         Warding  +     (gloves unavailable)
rMut   .         Stasis   .     (boots unavailable)
MR     +....                    h - amulet of warding
Stlth  +++.......               (no ring)
                                j - ring of see invisible

@: infused (expiring), regenerating (expiring), very quick, somewhat resistant
to hostile enchantments, fairly stealthy
A: unfitting armour, see invisible, herbivore 3, speed 3, slow metabolism 2
a: no special abilities


You were on level 4 of the Dungeon.
You were not hungry.

You visited 1 branch of the dungeon, and saw 4 of its levels.

You collected 147 gold pieces.

Inventory:

Hand weapons
 a - a +0 short sword (weapon)
Missiles
 e - 44 stones (quivered)
 o - 8 needles of paralysis
Armour
 b - a +0 robe (worn)
 l - a +1 cloak of magic resistance (worn)
Jewellery
 h - an amulet of warding (around neck)
 j - a ring of see invisible (left hand)
Scrolls
 i - a scroll of blinking {unknown}
 k - a scroll of fear {unknown}
 n - 3 scrolls of remove curse {unknown}
 p - 3 scrolls of identify {unknown}
 q - a scroll of fog {unknown}
 r - a scroll of amnesia {unknown}
 s - a scroll of teleportation {unknown}
 t - a scroll of noise {unknown}
 u - a scroll of enchant weapon {unknown}
Potions
 f - 3 potions of curing
 g - a potion of magic
Books
 c - a book of Battle

   Spells                             Type                      Level
   *Infusion                          Charms                       1
   *Shroud of Golubria                Charms/Translocation         2
   *Song of Slaying                   Charms                       2
   Spectral Weapon                    Hexes/Charms                 3
   *Regeneration                      Charms/Necromancy            3
Comestibles
 d - a bread ration


   Skills:
 - Level 1.5 Fighting
 - Level 4.3 Short Blades
 - Level 0.6 Armour
 - Level 1.5 Dodging
 * Level 4.7 Stealth
 - Level 2.6 Spellcasting
 + Level 4.8 Charms


You had one spell level left.
You knew the following spells:

 Your Spells              Type           Power        Failure   Level  Hunger
a - Infusion              Chrm           ###...       2%          1    #......
b - Shroud of Golubria    Chrm/Tloc      #.........   14%         2    ###....
c - Song of Slaying       Chrm           ###.....     4%          2    ###....
d - Regeneration          Chrm/Necr      #.........   24%         3    ###....


Dungeon Overview and Level Annotations

Branches:
Dungeon (4/15)
 Temple: D:4-7

Altars:
Elyvilon


Innate Abilities, Weirdness & Mutations

You are tiny and cannot use many weapons and most armour.
You have supernaturally acute eyesight.
You are a herbivore.
You cover ground extremely quickly.
You need consume almost no food.


Message History

Unknown command.
Drink which item? (? for menu, Esc to quit)
You feel better.
It was a potion of curing.
The orc wizard hits you with a dagger of speed.
The orc closely misses you. The orc wizard barely misses you.
Casting: Infusion
Confirm with . or Enter, or press ? or * to list all spells.
Your skin crawls.
The orc wizard barely misses you.
The orc wizard hits you but does no damage.
The orc completely misses you. The orc wizard completely misses you.
Read which item? (? for menu, Esc to quit)
Okay, then.
Drink which item? (? for menu, Esc to quit)
Magic courses through your body.
It was a potion of magic.
Your skin is crawling a little less now.
The orc wizard gestures at you while chanting.
The puff of flame hits you!
* * * LOW HITPOINT WARNING * * *
The orc wizard hits you with a dagger.
You die...

.. .# #. . #.# ...
#.#########..oo
#.............Z...>
##o......o# ....
#oo######## Z....
######o@# ......
###.......### ......
#...........### ......
##............## .......
#........†....###########
#........................
#........................
#..............#########
..............# #...


You could see 2 orc wizards and 2 orcs.

Vanquished Creatures
  Crazy Yiuf (D:2)
  6 adders
  4 orcs
  6 hobgoblins
  8 jackals (D:1)
  9 kobolds
  2 quokkas
  4 bats
  2 giant cockroaches (D:3)
  3 giant geckos
  3 giant newts
  10 goblins
  4 rats
  A fungus (D:2)
63 creatures vanquished.

Notes
Turn   | Place    | Note
--------------------------------------------------------------
     0 | D:1      | BluebellGnoll, the Spriggan Skald, began the quest for the Orb.
     0 | D:1      | Reached XP level 1. HP: 10/10 MP: 4/4
    58 | D:1      | Reached skill level 1 in Stealth
   496 | D:1      | Reached XP level 2. HP: 14/14 MP: 3/7
   500 | D:1      | Learned a level 2 spell: Shroud of Golubria
   503 | D:1      | Learned a level 2 spell: Song of Slaying
  1229 | D:2      | Reached XP level 3. HP: 18/18 MP: 5/9
  1485 | D:2      | Noticed Crazy Yiuf
  1497 | D:2      | Killed Crazy Yiuf
  1497 | D:2      | Reached XP level 4. HP: 9/22 MP: 0/12
  1948 | D:2      | Found a white marble altar of Elyvilon.
  2481 | D:2      | Learned a level 3 spell: Regeneration
  2989 | D:4      | Reached XP level 5. HP: 25/25 MP: 11/14
  3020 | D:4      | Slain by an orc wizard

Action                   |  1- 3 |  4- 6 || total
-------------------------+-------+-------++-------
Melee: Short sword       |    89 |    80 ||   169
 Cast: Infusion          |    13 |    15 ||    28
       Shroud of Golubri |     2 |     6 ||     8
       Regeneration      |       |     1 ||     1
  Use: Potion            |       |     2 ||     2
 Stab: Sleeping          |     3 |    10 ||    13
  Eat: Fruit             |       |     1 ||     1
